 Dungeon Sprint DCSS version 0.19-a0-1851-g3228ea0 (webtiles) character file.

4900000 varam the Intangible (level 18, -11/163 HPs)
             Began as a Felid Berserker on Oct 10, 2016.
             Was a Priest of Trog.
             Mangled by a destroyer
             ... wielding a +9 great sword of slicing
              (33 damage)
             ... in the Dungeon (Sprint VIII: "Arena of Blood").
             The game lasted 00:03:25 (49 turns).

varam the Intangible (Felid Berserker)                Turns: 49, Time: 00:03:26

Health: -11/163    AC:  3    Str: 18    XL:     18   Next: 32%
Magic:  19/19      EV: 42    Int: 11    God:    Trog [***...]
Gold:   0          SH:  0    Dex: 22    Spells: 0 memorised, 17 levels left
                                        Lives:  0   Deaths: 3

rFire  . . .     SeeInvis +       - Unarmed
rCold  + . .     Gourm    .     (armour unavailable)
rNeg   . . .     Faith    .     (shield unavailable)
rPois  .         Spirit   .     (helmet unavailable)
rElec  .         Dismiss  .     (cloak unavailable)
rCorr  .         Reflect  .     (gloves unavailable)
MR     ++++.     Harm     .     (boots unavailable)
Stlth  .......... NoTele   +    (no amulet)
                                i - +30 ring of slaying
                                h - +27000 ring of slaying

@: berserking, regenerating, very quick
A: no armour, no weapons or thrown items, stealth, claws 1, fangs 3, see
invisible, carnivore 3, speed 1, shaggy fur 3, slow metabolism 1, sharp paws
a: Berserk, Trog's Hand, Burn Spellbooks, Renounce Religion


You were in the Dungeon.
You worshipped Trog.
Trog was most pleased with you.
You were not hungry.

You visited 1 branch

Inventory:

Jewellery
 h - a +27000 ring of slaying (left paw)
 i - a +30 ring of slaying (right paw)
Scrolls
 g - a scroll of blinking
Potions
 b - a potion of curing
 c - a potion of heal wounds
 d - a potion of haste
 e - 2 potions of magic
 f - a potion of berserk rage


   Skills:
 O Level 27 Fighting
 O Level 27 Dodging
 O Level 27 Stealth
 O Level 27 Unarmed Combat


You had 17 spell levels left.
You didn't know any spells.

Dungeon Overview and Level Annotations

Branches:
Dungeon (1/1)

Altars:
Makhleb


Innate Abilities, Weirdness & Mutations

You cannot wear armour.
You are incapable of wielding weapons or throwing items.
Your paws allow you to move quietly. (Stealth)
You have sharp claws.
You have razor-sharp teeth.
You have supernaturally acute eyesight. (SInv)
You are carnivorous and can eat meat at any time.
You cover ground quickly.
Your thick and shaggy fur keeps you warm. (AC +3, rC+)
You have a slow metabolism.
Your sharp claws are effective at attacking unaware monsters.


Message History

You are now level 18!
You rejoin the land of the living... 2 orcs and a vampire knight come into view.
The destroyer is wielding a +9 great sword of slicing.
Your skin crawls.
You feel resistant to hostile enchantments.
You feel somewhat more hungry.
You can no longer call in reinforcements.
You hear a shout! x12
The destroyer blinks!
You hear a shout! x2
A red film seems to cover your vision as you go berserk!
You feel yourself moving faster!
You feel mighty!
You feel a lot more hungry.
The bag of meat shouts!
You hear a shout! x9
The destroyer blinks!
You hear a shout! x3
The destroyer hits you with a +9 great sword of slicing!!!!
Ouch! That really hurt!
* * * LOW HITPOINT WARNING * * *
You die...

#.z...†..#........_oo....
#....O§.O........###......
......oCoV.§.###.. ..###.
......o..oO....#.. o.#
......oo.......#.. ..#
......#........... ...
....o#.#.#oo...... ....L #
#o..§..... #@.......
#.V...#... .o.........
#..o....##.#. ##....... ..
...####.. # #... ... ####
....


You could see 2 destroyers, 2 meat berserkers, 11 bags of meat and a friendly
ogre (berserk).

Vanquished Creatures
  3 vampire knights (D)
  6 ogres (D)
  12 orcs (D)
21 creatures vanquished.

Notes
Turn   | Place    | Note
-------+----------+-------------------------------------------
     0 | D        | varam the Felid Berserker began the quest for the Orb.
     0 | D        | Reached XP level 1. HP: 10/10 MP: 2/2
     3 | D        | Noticed a bag of meat
     3 | D        | Noticed a bag of meat
     4 | D        | Noticed a bag of meat
     5 | D        | Noticed a bag of meat
     5 | D        | Noticed a bag of meat
     5 | D        | Noticed a bag of meat
     5 | D        | Noticed a bag of meat
     6 | D        | Noticed a meat berserker
     7 | D        | Noticed a bag of meat
     7 | D        | Noticed a bag of meat
     8 | D        | Killed a meat berserker
     8 | D        | Reached XP level 2. HP: 29/29 MP: 3/3
     8 | D        | Reached XP level 3. HP: 33/33 MP: 4/4
     8 | D        | Reached XP level 4. HP: 37/37 MP: 5/5
     8 | D        | Reached XP level 5. HP: 41/41 MP: 6/6
     8 | D        | Gained mutation: You are covered in thick fur. (AC +2) [Felid growth]
     8 | D        | Reached XP level 6. HP: 46/46 MP: 7/7
     8 | D        | Reached XP level 7. HP: 49/49 MP: 8/8
     8 | D        | Reached XP level 8. HP: 54/54 MP: 9/9
     8 | D        | Reached XP level 9. HP: 58/58 MP: 10/10
     8 | D        | Reached XP level 10. HP: 62/62 MP: 11/11
     8 | D        | Reached XP level 11. HP: 66/66 MP: 12/12
     8 | D        | Gained mutation: Your thick and shaggy fur keeps you warm. (AC +3, rC+) [Felid growth]
     8 | D        | Reached XP level 12. HP: 70/70 MP: 13/13
     8 | D        | Reached XP level 13. HP: 74/74 MP: 14/14
     9 | D        | Killed a bag of meat
     9 | D        | Reached ** piety under Trog
     9 | D        | Reached skill level 10 in Stealth
    10 | D        | Killed a bag of meat
    10 | D        | Reached XP level 14. HP: 81/81 MP: 15/15
    11 | D        | Noticed a meat berserker
    11 | D        | Killed a bag of meat
    12 | D        | Killed a bag of meat
    12 | D        | Reached skill level 27 in Dodging
    12 | D        | Reached XP level 15. HP: 87/87 MP: 16/16
    13 | D        | Noticed a meat berserker
    13 | D        | Noticed a meat berserker
    13 | D        | Killed a meat berserker
    13 | D        | Reached *** piety under Trog
    13 | D        | Reached skill level 27 in Unarmed Combat
    14 | D        | Reached XP level 16. HP: 97/97 MP: 17/17
    15 | D        | Killed a meat berserker
    15 | D        | Reached skill level 27 in Fighting
    15 | D        | Reached skill level 27 in Stealth
    16 | D        | Reached **** piety under Trog
    16 | D        | Reached XP level 17. HP: 104/104 MP: 18/18
    20 | D        | Killed a meat berserker
    20 | D        | Reached ***** piety under Trog
    20 | D        | Reached XP level 18. HP: 109/109 MP: 19/19
    23 | D        | Noticed a meat berserker
    25 | D        | Noticed a meat berserker
    26 | D        | Reached XP level 19. HP: 101/113 MP: 20/20
    28 | D        | Noticed a destroyer
    29 | D        | Noticed a destroyer
    30 | D        | Killed a meat berserker
    31 | D        | Noticed a meat berserker
    32 | D        | Killed a destroyer
    32 | D        | Slain by a bag of meat
    33 | D        | Reached XP level 18. HP: -2/109 MP: 19/19
    33 | D        | Noticed a meat berserker
    33 | D        | Noticed an eight-headed meat hydra
    34 | D        | Noticed a destroyer
    36 | D        | Noticed a destroyer
    38 | D        | Noticed a destroyer
    38 | D        | Noticed a destroyer
    39 | D        | Noticed a destroyer
    39 | D        | Killed a meat berserker
    39 | D        | Reached XP level 19. HP: 50/113 MP: 20/20
    41 | D        | Killed a destroyer
    42 | D        | Noticed a large bag of meat
    42 | D        | Noticed a destroyer
    43 | D        | Killed a destroyer
    43 | D        | Reached XP level 20. HP: 28/118 MP: 21/21
    43 | D        | Annihilated by a destroyer
    44 | D        | Reached XP level 19. HP: -33/169 MP: 20/20
    44 | D        | Noticed a meat berserker
    44 | D        | Noticed a meat berserker
    44 | D        | Noticed a meat berserker
    44 | D        | Noticed a large bag of meat
    45 | D        | Noticed a destroyer
    45 | D        | Noticed a destroyer
    47 | D        | Noticed a tyrant
    47 | D        | Annihilated by a meat berserker
    48 | D        | Reached XP level 18. HP: -23/109 MP: 19/19
    48 | D        | Noticed a destroyer
    49 | D        | Mangled by a destroyer

Vault maps used:
D:        meatsprint

Skill      XL: |  1  2  3  4  5  6  7  8  9 10 11 12 13 14 15 16 |
---------------+-------------------------------------------------+-----
Fighting       | 18 20 22 25 27 | 27.0
Dodging        | 23 25 27 | 27.0
Unarmed Combat | 19 22 24 27 | 27.0
Stealth        | 13 18 25 27 | 27.0

Action                   |  1- 3 |  4- 6 |  7- 9 | 10-12 | 13-15 | 16-18 | 19-21 || total
-------------------------+-------+-------+-------+-------+-------+-------+-------++-------
Melee: Unarmed           |     1 |       |       |       |     6 |    10 |     4 ||    21
Invok: Berserk           |       |       |       |       |       |     2 |       ||     2
       Brothers in Arms  |       |       |       |       |       |     1 |     4 ||     5
       Trog's Hand       |       |       |       |       |       |     1 |       ||     1
  Eat: Meat ration       |       |       |       |       |       |     1 |       ||     1
Dodge: Dodged            |       |       |       |       |       |     1 |     3 ||     4
